 Dungeon Crawl Stone Soup version 0.29-a0-299-g4c793a2ed2 (webtiles) character file.

Game seed: 3940714611642871551

12336 kae the Arsonist (level 11, 0/66 HPs)
             Began as a Tengu Fire Elementalist on Mar 24, 2022.
             Was a Believer of Vehumet.
             Succumbed to a water moccasin's poison
             ... on level 8 of the Dungeon.
             The game lasted 00:12:15 (17481 turns).

kae the Arsonist (Tengu Fire Elementalist)         Turns: 17481, Time: 00:12:15

Health: 0/66       AC:  3    Str:  8    XL:     11   Next: 91%
Magic:  21/21      EV: 23    Int: 20    God:    Vehumet [**....]
Gold:   760        SH:  0    Dex: 15    Spells: 7/23 levels left

rFire   + . .      SeeInvis .   q - staff of fire
rCold   + . .      Faith    .   (no shield)
rNeg    . . .      Spirit   .   a - +1 robe
rPois   .          Reflect  .   (helmet restricted)
rElec   .          Harm     .   (no cloak)
rCorr   .          Rampage  .   (no gloves)
Will    .....                   (boots unavailable)
Stlth   ++........              (no amulet)
HPRegen 0.21/turn               k - ring of protection from cold
MPRegen 0.17/turn               h - +4 ring of evasion

@: lethally poisoned (0 -> -22), flying quickly and evasively, quick
A: beak, talons 3, nimble flight
a: Renounce Religion


You were on level 8 of the Dungeon.
You worshipped Vehumet.
Vehumet was pleased with you.
You visited 3 branches of the dungeon, and saw 12 of its levels.

You collected 760 gold pieces.

Inventory:

Hand Weapons
 g - a +1 dagger
Missiles
 y - 2 throwing nets
Armour
 a - a +1 robe (worn)
Magical Staves
 q - a staff of fire (weapon)
Jewellery
 h - a +4 ring of evasion (right hand)
 k - a ring of protection from cold (left hand)
 B - a ring of magical power
 C - a +6 ring of intelligence
Wands
 p - a wand of flame (16)
 A - a wand of charming (8)
 D - a wand of acid (5)
Scrolls
 d - 2 scrolls of immolation
 i - a scroll of amnesia
 j - 3 scrolls of teleportation
 r - 2 scrolls of silence
 s - 4 scrolls of magic mapping
 t - a scroll of fog
 x - 2 scrolls of fear
 E - a scroll of enchant armour
Potions
 b - 3 potions of magic
 c - 4 potions of lignification
 e - a potion of invisibility
 f - a potion of attraction
 l - 2 potions of mutation
 m - a potion of heal wounds
 n - a potion of might {unknown}
 o - 2 potions of haste {unknown}
 u - 2 potions of berserk rage {unknown}
 v - a potion of cancellation {unknown}
 w - a potion of brilliance {unknown}
 z - a potion of ambrosia {unknown}
 F - a potion of curing {unknown}


   Skills:
 + Level 6.9 Fighting
 + Level 7.9 Dodging
 - Level 2.0 Stealth
 + Level 6.5 Spellcasting
 + Level 9.3 Conjurations
 * Level 11.4 Fire Magic
 * Level 7.6 Evocations


You had 7 spell levels left.
You knew the following spells:

 Your Spells              Type           Power      Damage    Failure   Level
a - Foxfire               Conj/Fire      100%       2x1d9     1%          1
b - Scorch                Fire           100%       2d10      1%          2
c - Conjure Flame         Conj/Fire      64%        6-21      1%          3
d - Inner Flame           Hex/Fire       44%        N/A       2%          3
e - Flame Wave            Conj/Fire      64%        2d12      1%          4
f - Swiftness             Air            6%         N/A       30%         3

Your spell library contained the following spells:

 Spells                   Type           Power      Damage    Failure   Level
 Poisonous Vapours        Pois/Air       12%        N/A       16%         2
 Shock                    Conj/Air       100%       1d9       1%          1
 Dazzling Flash           Conj/Hex       50%        N/A       4%          3
 Stone Arrow              Conj/Erth      50%        3d10      4%          3
 Animate Skeleton         Necr           12%        N/A       10%         1
 Apportation              Tloc           12%        N/A       10%         1
 Summon Small Mammal      Summ           24%        N/A       10%         1
 Confusing Touch          Hex            6%         N/A       30%         3
 Airstrike                Air            3%         N/A       69%         4
 Animate Armour           Summ/Erth      12%        N/A       69%         4
 Agony                    Necr           6%         N/A       95%         5
 Silence                  Hex/Air        3%         N/A       95%         5
 Yara's Violent Unravell  Hex/Tmut       3%         3d4       95%         5
 Enfeeble                 Hex            3%         N/A       100%        7
 Lehudib's Crystal Spear  Conj/Erth      12%        10d4      100%        8


Dungeon Overview and Level Annotations

Branches:
Dungeon (10/15)            Temple (1/1) D:6            Lair (1/6) D:8
    Orc (0/2) D:10

Altars:
Ashenzari
Cheibriados
Dithmenos
Elyvilon
Fedhas
Gozag
Hepliaklqana
Kikubaaqudgha
Makhleb
Nemelex Xobeh
Okawaru
Qazlal
Ru
Sif Muna
Trog
Uskayaw
Vehumet
Wu Jian
Xom
Yredelemnul
Zin
The Shining One
Beogh

Annotations:
D:4 exclusion: ogre
D:8 3 runed translucent doors, kipponium's ghost, novice DsBe
D:10 exclusion: door
Lair:1 Erica


Innate Abilities, Weirdness & Mutations

You have a beak for a mouth.
You have claws for feet.
Your magical nature lets you fly swiftly and evasively.


Message History

You feel a surge of power!
Flames lash the cane toad.
The cane toad is burned terribly!
You kill the cane toad!
Vehumet accepts your kill.
You feel your power returning.
Casting: Scorch (safe; 1% risk of failure)
Confirm with . or Enter, or press ? or * to list all spells.
You can't see any susceptible monsters within range! (Use Z to cast anyway.)
You start resting.
The sentinel's mark upon you fades away.
You start resting.
Magic restored.
HP restored.
You start waiting.
Done waiting.
You fly downwards.
Welcome back to the Lair of Beasts!
The black mamba bites you!!
You are poisoned.
The black mamba poisons you! The water moccasin misses you.
The cane toad stings you!! The black mamba closely misses you.
The water moccasin misses you.
Erica the Fiery-Tempered comes into view.
She is wielding a +2 scimitar of flaming.
The cane toad misses you.
There is a staircase back to the Dungeon, spattered with blood here.
* * * LOW HITPOINT WARNING * * *
You feel very sick. The black mamba barely misses you.
The water moccasin bites you.
* * * LOW HITPOINT WARNING * * *
You are more poisoned.
The water moccasin poisons you! The black mamba barely misses you.
The cane toad completely misses you. The water moccasin closely misses you.
You fly upwards.
Welcome back to the Dungeon!
Level annotation: 3 runed translucent doors, kipponium's ghost, novice DsBe
* * * LOW HITPOINT WARNING * * *
You feel extremely sick.
There is a staircase to the Lair, spattered with blood here.
As you read the scroll of fear, it crumbles to dust.
You assume a fearsome visage.
The black mamba looks frightened!
The cane toad looks frightened!
The water moccasin looks frightened!
You die...

#.....)######[#
#
#.####......[.#
#..###..)...###
#^#.).......#
#.#.........#
#.#...#.....#
#.#...#.....#
#.....FS...##
#....S@....#
#.....†.#.)#
#..........#
#..........#
#.......##.#
#..........#
#.#........#
#.....######
#######


You could see a black mamba (fleeing), a cane toad (fleeing) and a water
moccasin (fleeing).

Vanquished Creatures
  6 death yaks (D:8)
  An ugly thing (D:7)
  A cane toad (D:8)
  2 trolls
  Prince Ribbit (D:6)
  A hornet (D:10)
  8 yaks
  A shadow (D:10)
  A wraith (D:9)
  3 wyverns
  A steam dragon (D:9)
  Edmund (D:5)
  3 water moccasins
  2 acid dragons
  6 orc warriors
  2 black bears
  An ice beast (D:6)
  5 ogres
  3 sky beasts (D:6)
  4 centaurs
  3 phantoms
  6 bullfrogs
  3 necrophages
  A gnoll sergeant (D:10)
  7 scorpions
  A wight (D:7)
  10 killer bees
  An electric eel (D:9)
  2 howler monkeys
  2 orc priests
  2 hounds
  4 gnoll shamans
  2 jellies (D:7)
  4 iguanas
  8 orc wizards
  25 gnolls
  9 adders
  2 white imps
  A worm (D:2)
  5 dart slugs
  48 orcs
  5 bats
  6 endoplasms (D:1)
  A giant cockroach (D:1)
  6 goblins
  5 hobgoblins
  7 jackals
  6 kobolds
  3 quokkas
  7 ball pythons
  8 frilled lizards
  A rat (D:3)
254 creatures vanquished.

Vanquished Creatures (others)
  675 foxfires
  4 fungi (D:6)
679 creatures vanquished.

Grand Total: 933 creatures vanquished

Notes
Turn   | Place    | Note
-------+----------+-------------------------------------------
     0 | D:1      | kae the Tengu Fire Elementalist began the quest for the
                  | Orb.
     0 | D:1      | Reached XP level 1. HP: 10/10 MP: 4/4
   207 | D:1      | Reached XP level 2. HP: 16/16 MP: 1/6
   469 | D:1      | Found a faded altar of an unknown god.
   906 | D:1      | Reached XP level 3. HP: 20/20 MP: 4/7
   909 | D:1      | Learned a level 2 spell: Scorch
   913 | D:1      | Learned a level 3 spell: Conjure Flame
  1231 | D:2      | Reached skill level 1 in Fighting
  1691 | D:2      | Reached skill level 4 in Fire Magic
  2150 | D:3      | Reached XP level 4. HP: 21/25 MP: 8/8
  2352 | D:3      | Noticed a scorpion
  2357 | D:3      | Killed a scorpion
  2358 | D:3      | Gained mutation: Your magical nature lets you fly swiftly
                  | and evasively. [Tengu growth]
  2358 | D:3      | Reached XP level 5. HP: 23/29 MP: 2/9
  2723 | D:3      | Found a hazy altar of Hepliaklqana.
  2930 | D:4      | Noticed an ogre
  3761 | D:3      | Killed an ogre
  3762 | D:3      | Reached skill level 5 in Fire Magic
  3762 | D:3      | Reached XP level 6. HP: 32/35 MP: 6/11
  4011 | D:5      | Entered Level 5 of the Dungeon
  4011 | D:5      | Noticed Edmund
  4446 | D:5      | Noticed a water moccasin
  4455 | D:5      | Killed a water moccasin
  4456 | D:5      | Reached XP level 7. HP: 40/40 MP: 7/12
  4617 | D:5      | Reached skill level 6 in Fire Magic
  5332 | D:5      | Killed Edmund
  5333 | D:5      | Reached XP level 8. HP: 16/46 MP: 1/14
  5845 | D:6      | Reached skill level 5 in Conjurations
  5969 | D:6      | Reached skill level 7 in Fire Magic
  6400 | D:6      | Noticed Prince Ribbit
  6427 | D:6      | Killed Prince Ribbit
  6428 | D:6      | Reached skill level 5 in Dodging
  7083 | D:6      | Found a staircase to the Ecumenical Temple.
  7152 | Temple   | Entered the Ecumenical Temple
  7288 | Temple   | Became a worshipper of Vehumet
  7381 | D:6      | Reached XP level 9. HP: 52/52 MP: 13/16
  7597 | D:6      | Reached skill level 1 in Evocations
  7845 | D:6      | Reached skill level 8 in Fire Magic
  9577 | D:7      | Reached * piety under Vehumet
  9577 | D:7      | Offered knowledge of Sandblast by Vehumet.
  9785 | D:7      | Noticed a troll
  9785 | D:7      | Noticed a red ugly thing
  9959 | D:7      | Reached skill level 5 in Fighting
  9988 | D:7      | Killed a troll
  9989 | D:7      | Reached skill level 5 in Spellcasting
 10022 | D:7      | Reached skill level 9 in Fire Magic
 10284 | D:7      | Reached XP level 10. HP: 59/59 MP: 10/18
 10689 | D:8      | Noticed a death yak
 10711 | D:8      | Killed a death yak
 10787 | D:8      | Noticed a death yak
 10926 | D:8      | Noticed a death yak
 10951 | D:8      | Killed a death yak
 10952 | D:8      | Reached skill level 5 in Evocations
 11046 | D:8      | Found a staircase to the Lair.
 11046 | D:8      | Noticed a death yak
 11063 | D:8      | Noticed a death yak
 11065 | D:8      | Noticed a death yak
 11066 | D:8      | Killed a death yak
 11066 | D:8      | Noticed a death yak
 11261 | D:7      | Killed a red ugly thing
 11262 | D:7      | Reached skill level 10 in Fire Magic
 11782 | D:8      | Found a runed translucent gate.
 11783 | D:8      | Found a runed translucent gate.
 11783 | D:8      | Found a runed translucent gate.
 11784 | D:8      | Noticed kipponium's ghost (novice DsBe)
 12342 | D:8      | Killed a death yak
 12343 | D:8      | Reached XP level 11. HP: 36/64 MP: 11/20
 12525 | D:8      | Killed a death yak
 13460 | D:8      | Found a staircase to the Lair.
 13643 | D:8      | Killed a death yak
 14118 | D:9      | Learned a level 3 spell: Inner Flame
 14123 | D:9      | Learned a level 4 spell: Flame Wave
 14308 | D:9      | Reached ** piety under Vehumet
 14308 | D:9      | Offered knowledge of Searing Ray by Vehumet.
 15201 | D:9      | Reached skill level 11 in Fire Magic
 15689 | D:10     | Entered Level 10 of the Dungeon
 16437 | D:10     | Offered knowledge of Poisonous Vapours by Vehumet.
 16727 | D:10     | Found a staircase to the Orcish Mines.
 17284 | Lair:1   | Entered Level 1 of the Lair of Beasts
 17289 | Lair:1   | Learned a level 3 spell: Swiftness
 17478 | Lair:1   | Noticed Erica
 17481 | D:8      | Succumbed to a water moccasin's poison

Illustrated notes

Levels and vault maps discovered:
D:1:      minmay_arrival_solitary_statue, layout_basic,
          chequers_ecumenical_altar_simple, glass_columns_a
D:2:      layout_rooms
D:3:      layout_basic, worldfamousw_hep_ancestral_shrine, chequers_mini_garden
D:4:      layout_rooms, kennysheep_crisscross, skrybe_limestone_x
D:5:      layout_loops_ring, uniq_edmund
D:6:      old_forge, layout_basic, minmay_temple_entry_antechambers,
          uniq_prince_ribbit1
D:7:      wad_guarded_room, layout_basic
D:8:      layout_basic, dpeg_lair_monsters, special_room [special_room_orc],
          biasface_ghost_orc_armoury, supply_closet_lemuel
D:9:      layout_long_grid, hangedman_decor_growths, minivault_14
D:10:     minmay_octagon_keep, layout_basic, david_orc_4
Temple:   kilobyte_greek_temple
Lair:1:   layout_regular_city, gammafunk_ghost_abyssal_escape,
          beast_lair_carwin_5, uniq_erica, uniq_amaemon

Skill      XL: |  1  2  3  4  5  6  7  8  9 10 11 |
---------------+----------------------------------+-----
Fighting       | 1 2 3 4 5 6 |  6.9
Conjurations   | 2 3 4 6 7 8 9 |  9.3
Fire Magic     | 4 5 6 7 9 10 11 | 11.4
Dodging        | 3 4 5 6 7 |  7.9
Spellcasting   | 3 4 5 6 |  6.5
Evocations     | 3 6 7 |  7.6
Stealth        | |  2.0

Action                   |  1- 3 |  4- 6 |  7- 9 | 10-12 || total
-------------------------+-------+-------+-------+-------++-------
Melee: Dagger            |     5 |     8 |     5 |       ||    18
       Kick              |     3 |     4 |     3 |    14 ||    24
       Peck              |     1 |       |     1 |    13 ||    15
       Unarmed           |     1 |       |       |       ||     1
       Punch             |       |     1 |       |     2 ||     3
       Staff             |       |       |    36 |    54 ||    90
 Cast: Foxfire           |    95 |    42 |   130 |   179 ||   446
       Scorch            |       |    30 |    86 |   128 ||   244
       Conjure Flame     |       |     1 |     9 |    20 ||    30
       Inner Flame       |       |       |       |     1 ||     1
  Use: Scroll            |     8 |     3 |     3 |     5 ||    19
       Potion            |       |       |     1 |       ||     1
Armor: Robe              |     3 |     2 |    19 |    12 ||    36
       Skin              |       |       |    34 |       ||    34
Dodge: Dodged            |    13 |    35 |   117 |   255 ||   420

Table legend: (Time is in decaauts)
 A = Elapsed time spent in this place.
 B = Non-inter-level travel time spent in this place.
 C = Inter-level travel time spent in this place.
 D = Time resting spent in this place.
 E = Time spent auto-exploring this place.
 F = Levels seen in this place.
 G = Mean time per level.
                   A        B        C        D        E       F      G
               +--------+--------+--------+--------+--------+-----+--------+
         Total |  16878 |  16196 |    682 |   3624 |   9878 |  12 | 1406.5 |
       Dungeon |  16696 |  16051 |    645 |   3624 |   9758 |  10 | 1669.6 |
        Temple |    159 |    124 |     35 |      0 |    115 |   1 |  159.0 |
          Lair |     22 |     22 |      0 |      0 |      4 |   1 |   22.0 |
               +--------+--------+--------+--------+--------+-----+--------+

Top non-repeatable levels by time:
     D:8: 3245 daAuts
     D:7: 2530 daAuts
     D:6: 2470 daAuts
    D:10: 1455 daAuts
     D:4: 1444 daAuts
     D:5: 1394 daAuts
     D:9: 1188 daAuts
     D:1: 1160 daAuts
     D:3: 1011 daAuts
     D:2: 795 daAuts
  Temple: 159 daAuts
  Lair:1: 22 daAuts
